 Dungeon Crawl Stone Soup version 0.29-a0-184-g2ef5e920f0 (webtiles) character file.

Game seed: 1867836739948531911

2548 Bosse the Cleaver (level 9, -4/68 HPs)
             Began as a Demonspawn Fighter on Feb 21, 2022.
             Was an Initiate of Ru.
             Engulfed by a steam dragon's steam (7 damage)
             ... on level 6 of the Dungeon.
             The game lasted 00:17:03 (4847 turns).

Bosse the Cleaver (Demonspawn Fighter)              Turns: 4847, Time: 00:17:04

Health: -4/68      AC: 19    Str: 21    XL:     9   Next: 30%
Magic:  9/9        EV:  6    Int: 10    God:    Ru [......]
Gold:   303        SH:  5    Dex: 15    Spells: 8/8 levels left

rFire   . . .      SeeInvis +   a - +0 war axe
rCold   . . .      Faith    .   c - +0 buckler
rNeg    . . .      Spirit   .   I - +1 plate armour of Indecent Exposure {rCorr Dex+3}
rPois   .          Reflect  .   (helmet restricted)
rElec   .          Harm     .   (no cloak)
rCorr   +          Rampage  .   (no gloves)
Will    .....                   (no boots)
Stlth   ..........              i - amulet of regeneration
HPRegen 1.01/turn               k - ring of see invisible
MPRegen 0.11/turn               t - ring of flight

@: sanguine armoured, flying
A: antennae 2, icemail 1, sanguine armour 1, condensation shield
a: Renounce Religion


You were on level 6 of the Dungeon.
You worshipped Ru.
Ru was noncommittal.
You visited 2 branches of the dungeon, and saw 7 of its levels.
You also visited: Sewer.

You collected 303 gold pieces.

Inventory:

Hand Weapons
 a - a +0 war axe (weapon)
Armour
 b - a +0 scale mail
 c - a +0 buckler (worn)
 g - a +0 helmet
 I - the +1 plate armour of Indecent Exposure (worn) {rCorr Dex+3}
   (You found it on level 6 of the Dungeon)

   Dex:       It affects your dexterity (+3).
   rCorr:     It protects you from acid and corrosion.
Jewellery
 h - an amulet of regeneration
 i - an amulet of regeneration (around neck)
 k - a ring of see invisible (left hand)
 l - an amulet of the acrobat
 m - a +6 ring of strength
 t - a ring of flight (right hand)
 v - an amulet of magic regeneration
 F - a ring of wizardry
Wands
 A - a wand of paralysis (7)
Scrolls
 e - 2 scrolls of amnesia
 o - 2 scrolls of enchant weapon {unknown}
 s - a scroll of fog {unknown}
 u - a scroll of teleportation {unknown}
 y - 2 scrolls of identify {unknown}
 B - 2 scrolls of vulnerability {unknown}
 D - a scroll of torment {unknown}
 E - 2 scrolls of enchant armour {unknown}
 H - 2 scrolls of immolation {unknown}
Potions
 d - 2 potions of might
 f - 2 potions of curing {unknown}
 j - 3 potions of resistance {unknown}
 q - a potion of haste {unknown}
 r - a potion of invisibility {unknown}
 w - a potion of magic {unknown}
 x - a potion of attraction {unknown}
 z - 2 potions of flight {unknown}
 C - 2 potions of brilliance {unknown}
 G - a potion of degeneration {unknown}


   Skills:
 + Level 5.5 Fighting
 + Level 8.2 Axes
 + Level 5.4 Armour
 + Level 2.3 Dodging
 + Level 0.5 Stealth
 + Level 5.3 Shields


You had 8 spell levels left.
You didn't know any spells.
Your spell library contained the following spells:

 Spells                   Type           Power      Damage    Failure   Level
 Animate Skeleton         Necr           0%         N/A       100%        1
 Apportation              Tloc           0%         N/A       100%        1
 Foxfire                  Conj/Fire      0%         2x1d4     100%        1
 Summon Small Mammal      Summ           0%         N/A       100%        1
 Conjure Flame            Conj/Fire      0%         6-21      100%        3
 Inner Flame              Hex/Fire       0%         N/A       100%        3
 Portal Projectile        Hex/Tloc       0%         N/A       100%        3
 Flame Wave               Conj/Fire      0%         2d4       100%        4
 Blade Hands              Tmut           0%         N/A       100%        5
 Excruciating Wounds      Necr           0%         N/A       100%        5


Dungeon Overview and Level Annotations

Branches:
Dungeon (6/15)             Temple (1/1) D:6           Sewer (visited)

Altars:
Ashenzari
Cheibriados
Dithmenos
Elyvilon
Fedhas
Gozag
Hepliaklqana
Kikubaaqudgha
Makhleb
Okawaru
Qazlal
Ru
Sif Muna
Trog
Uskayaw
Vehumet
Wu Jian
Xom
Yredelemnul
Zin
The Shining One

Shops:
D:1 ?


Innate Abilities, Weirdness & Mutations

You have a pair of antennae on your head.
A meltable icy envelope protects you from harm. (AC +0)
When seriously injured, your blood forms armour. (AC +6)
A meltable shield of frost defends you. (SH +0)


Message History

The steam dragon bites you but does no damage.
The steam dragon barely misses you.
You feel much better.
You are engulfed in a cloud of scalding steam.
Your blood armour dries and flakes away.
The steam dragon breathes steam at you. The ball of steam hits you!
Your blood congeals into armour.
You block the steam dragon's attack. x2
You barely miss the steam dragon.
The steam dragon is severely wounded.
You barely miss the steam dragon.
The fungus is engulfed in a cloud of scalding steam.
The steam dragon bites you but does no damage.
The steam dragon barely misses you. You block the steam dragon's attack.
The steam dragon claws you but does no damage.
The steam dragon bites you. The steam dragon claws you.
You closely miss the steam dragon.
The steam dragon is severely wounded.
You slash the steam dragon!
You are engulfed in a cloud of scalding steam.
A nearby fungus withers and dies.
The steam dragon bites you but does no damage.
You block the steam dragon's attack.
The steam dragon bites you but does no damage.
The steam dragon claws you.
You barely miss the steam dragon.
The steam dragon is severely wounded.
You hit the steam dragon. The steam dragon breathes steam at you.
The ball of steam hits you!
* * * LOW HITPOINT WARNING * * *
The steam dragon bites you!
* * * LOW HITPOINT WARNING * * *
The steam dragon claws you but does no damage.
The steam dragon closely misses you.
The steam dragon claws you but does no damage.
As you read the scroll of fear, it crumbles to dust.
You assume a fearsome visage.
The steam dragon looks frightened! x2
You are engulfed in a cloud of scalding steam.
You die...

###.## #.#
#8#.# ..#..#
#.# ##≈^≈###
###'# ..##.#
#.###≈...PP#
###.###
..##.##
#.##PP.....##
#.).'.#
..##..#
#.##^.....≈.#
###.###
..###.#
#.##≈≈.....≈#
#_'.'.# ..#
#.# #.#
#≈...≈≈#
###.### ..#
#.###.#
#≈DD≈P#
#.'.'.#
..###..##.#
#.@.# ###.###
...###.##.#
#≈§.# #.'.'.#
...# #.##.#
#..≈# ###.###
...###.##.###
#.§≈# #.'.'.#
............#
#≈..# ###.###
...####.#.#.#
#^..# #.'.).#
...# #.#.#.#
#P.## #######
...# #.#.#.#
#≈.# #.# ...#
#.#.#.###..#
#.#


You could see 2 steam dragons.

Vanquished Creatures
  Pikel (D:6)
  Edmund (D:4)
  A sky beast (D:4)
  Pargi (Sewer)
  An ogre (D:6)
  2 black bears
  2 phantoms
  A lemure (D:6)
  A kobold brigand (D:6)
  2 scorpions
  3 wyvern zombies (D:6)
  A water moccasin zombie (D:6)
  2 wights (D:6)
  A bullfrog zombie (D:6)
  Crazy Yiuf (D:4)
  3 centaur zombies
  2 hounds
  3 orc priests
  Ijyb (D:4)
  A human zombie (D:6)
  3 jellies
  3 iguanas
  2 orc wizards
  2 mummies (D:6)
  Robin (D:4)
  3 adders
  4 river rats (D:3)
  A white imp (D:6)
  An ufetubus (D:4)
  2 worms
  3 dart slugs
  18 orcs
  2 bats
  11 endoplasms
  6 giant cockroaches
  21 goblins
  13 hobgoblins
  3 quokkas
  8 ball pythons
  5 frilled lizards
  12 kobolds
  A quokka skeleton (D:4)
  5 rats
161 creatures vanquished.

Vanquished Creatures (others)
  6 fungi
  A plant (D:3)
7 creatures vanquished.

Grand Total: 168 creatures vanquished

Notes
Turn   | Place    | Note
-------+----------+-------------------------------------------
     0 | D:1      | Bosse the Demonspawn Fighter began the quest for the Orb.
     0 | D:1      | Reached XP level 1. HP: 18/18 MP: 1/1
   138 | D:1      | Gained mutation: When seriously injured, your blood forms
                  | armour. (AC +6) [demonic ancestry]
   138 | D:1      | Reached XP level 2. HP: 20/24 MP: 2/2
   234 | D:1      | Reached skill level 2 in Axes
   390 | D:1      | Found Qusozid's Magic Scroll Shoppe.
   605 | D:2      | Reached XP level 3. HP: 29/29 MP: 3/3
   651 | D:2      | Found a radiant altar of Vehumet.
  1135 | D:3      | Reached skill level 3 in Axes
  1135 | D:3      | Gained mutation: A meltable shield of frost defends you.
                  | (SH +0) [demonic ancestry]
  1135 | D:3      | Reached XP level 4. HP: 14/35 MP: 4/4
  1163 | D:3      | Found a glowing drain.
  1203 | Sewer    | Entered a sewer
  1225 | Sewer    | Noticed Pargi
  1263 | Sewer    | Killed Pargi
  1264 | Sewer    | Reached XP level 5. HP: 36/42 MP: 5/5
  1439 | D:3      | Found a faded altar of an unknown god.
  1451 | D:3      | Got Plato's Collected Works on Black Rites
  1580 | D:3      | Gained mutation: A meltable icy envelope protects you from
                  | harm. (AC +0) [demonic ancestry]
  1580 | D:3      | Reached XP level 6. HP: 41/48 MP: 6/6
  1901 | D:4      | Noticed Edmund
  1915 | D:4      | Killed Edmund
  1916 | D:4      | Reached skill level 4 in Axes
  1916 | D:4      | Reached skill level 1 in Dodging
  1944 | D:4      | Noticed Robin
  1956 | D:4      | Killed Robin
  2020 | D:4      | Noticed a sky beast
  2030 | D:4      | Gained mutation: You have a pair of small antennae on your
                  | head. [demonic ancestry]
  2030 | D:4      | Reached XP level 7. HP: 42/54 MP: 7/7
  2035 | D:4      | Reached skill level 5 in Axes
  2156 | D:4      | Noticed Ijyb
  2157 | D:4      | Paralysed by Ijyb for 6 turns
  2168 | D:4      | Killed Ijyb
  2825 | D:4      | Found a runed translucent door.
  2826 | D:4      | Noticed Crazy Yiuf
  2857 | D:4      | Killed Crazy Yiuf
  2907 | D:5      | Entered Level 5 of the Dungeon
  3002 | D:5      | Reached skill level 6 in Axes
  3002 | D:5      | Reached XP level 8. HP: 58/61 MP: 8/8
  3048 | D:5      | Found an ornate altar of the Wu Jian Council.
  3079 | D:5      | Found a hide-covered altar of Uskayaw.
  3134 | D:5      | Found a radiant altar of Vehumet.
  3427 | D:5      | Found a shimmering blue altar of Sif Muna.
  3621 | D:6      | Noticed Pikel
  3645 | D:6      | Killed Pikel
  3646 | D:6      | Reached skill level 5 in Fighting
  3646 | D:6      | Reached skill level 7 in Axes
  3699 | D:6      | Reached skill level 5 in Armour
  3775 | D:6      | Identified the +1 plate armour of Indecent Exposure {rCorr
                  | Dex+3}
  3970 | D:6      | Found a staircase to the Ecumenical Temple.
  3977 | Temple   | Entered the Ecumenical Temple
  4021 | Temple   | Became a worshipper of Ru the Awakened
  4477 | D:6      | Gained mutation: You have a pair of antennae on your head.
                  | [demonic ancestry]
  4477 | D:6      | Reached XP level 9. HP: 68/68 MP: 9/9
  4499 | D:6      | Reached skill level 5 in Shields
  4543 | D:6      | Found an ancient bone altar of Kikubaaqudgha.
  4604 | D:6      | Reached skill level 8 in Axes
  4846 | D:6      | HP: 3/68 [steam dragon (8)]
  4847 | D:6      | Engulfed by a steam dragon's steam

Illustrated notes

Levels and vault maps discovered:
D:1:      minmay_arrival_plants_in_alcoves, layout_rooms, serial_shops,
          nicolae_shop_hallway_plus
D:2:      layout_rooms, basic_altar
D:3:      layout_basic, portal_sewer_entry_c,
          shapermc_ecumenical_altar_rom_forum, minmay_misc_feat_iff
D:4:      minmay_chambers_of_threes, layout_basic, uniq_ijyb, uniq_robin,
          uniq_edmund, uniq_crazy_yiuf_cottage
D:5:      layout_basic, nicolae_wu_jian_immortal_techniques,
          lemuel_blue_sif_altar, lemuel_round_altar,
          mainiacjoe_overflow_catwalk, corner_web_ring
D:6:      kennysheep_steamy, layout_basic, lemuel_mausoleum_altar_kikubaaqudgha,
          minmay_temple_entry_statues_pillars, uniq_pikel
Temple:   compressed_dpeg_circular_temple

Skill      XL: |  1  2  3  4  5  6  7  8  9 |
---------------+----------------------------+-----
Axes           | 2 3 4 6 7 8 |  8.2
Armour         | 3 4 5 |  5.4
Shields        | 3 4 5 |  5.3
Fighting       | 4 5 |  5.5
Dodging        | 1 2 |  2.3
Stealth        | |  0.5

Action                   |  1- 3 |  4- 6 |  7- 9 || total
-------------------------+-------+-------+-------++-------
Melee: War axe           |   112 |   149 |   338 ||   599
  Use: Scroll            |     4 |       |     1 ||     5
       Potion            |       |       |     4 ||     4
Armor: Scale mail        |    54 |   102 |    95 ||   251
       Plate armour      |       |       |   119 ||   119
Dodge: Dodged            |    47 |    77 |   116 ||   240
Block: Buckler           |    22 |   115 |   163 ||   300

Table legend: (Time is in decaauts)
 A = Elapsed time spent in this place.
 B = Non-inter-level travel time spent in this place.
 C = Inter-level travel time spent in this place.
 D = Time resting spent in this place.
 E = Time spent auto-exploring this place.
 F = Levels seen in this place.
 G = Mean time per level.
                   A        B        C        D        E       F      G
               +--------+--------+--------+--------+--------+-----+--------+
         Total |   5059 |   4947 |    112 |     12 |   3529 |   8 |  632.4 |
       Dungeon |   4682 |   4570 |    112 |     12 |   3344 |   6 |  780.3 |
        Temple |    126 |    126 |      0 |      0 |     44 |   1 |  126.0 |
         Sewer |    250 |    250 |      0 |      0 |    141 |   1 |  250.0 |
               +--------+--------+--------+--------+--------+-----+--------+

Top non-repeatable levels by time:
     D:6: 1196 daAuts
     D:4: 1113 daAuts
     D:3: 684 daAuts
     D:5: 656 daAuts
     D:1: 611 daAuts
     D:2: 420 daAuts
   Sewer: 250 daAuts
  Temple: 126 daAuts
